 Dungeon Crawl Stone Soup version 0.24.0-37-gcf1ca852f1 (webtiles) character file.

Game seed: 10272290677614685585, levelgen mode: deterministic

11573 Raston the Cleaver (level 12, 0/92 HPs)
             Began as a Human Berserker on Nov 24, 2019.
             Was a High Priest of Trog.
             Shot with an arrow by a centaur (9 damage)
             ... on level 11 of the Dungeon.
             The game lasted 03:26:09 (19731 turns).

Raston the Cleaver (Human Berserker)               Turns: 19731, Time: 03:26:11

Health: 0/92       AC:  6    Str: 21    XL:     12   Next: 9%
Magic:  12/12      EV: 16    Int:  7    God:    Trog [*****.]
Gold:   317        SH:  0    Dex: 15    Spells: 11/11 levels left

rFire    . . .     SeeInvis .   f - +3 dire flail (holy)
rCold    . . .     Gourm    .   (shield currently unavailable)
rNeg     . . .     Faith    .   g - +0 leather armour of the Engineer {MR+}
rPois    .         Spirit   .   (no helmet)
rElec    .         Reflect  .   x - +0 cloak
rCorr    .         Harm     .   (no gloves)
MR       +....                  l - +1 pair of boots
Stlth    ++++......             F - amulet of the acrobat
HPRegen  0.25/turn              m - ring of stealth
MPRegen  0.13/turn              (no ring)

@: about to teleport
A: no striking features
a: Berserk, Trog's Hand, Brothers in Arms, Renounce Religion


You were on level 11 of the Dungeon.
You worshipped Trog.
Trog was extremely pleased with you.
You were hungry.

You visited 2 branches of the dungeon, and saw 13 of its levels.

You collected 1213 gold pieces.
You spent 896 gold pieces at shops.

Inventory:

Hand Weapons
 a - a +1 war axe of flaming
 b - a +1 longbow of freezing
 f - a +3 dire flail of holy wrath (weapon)
 w - a +2 mace of protection
 A - a +2 hand axe of freezing
 D - a +1 trident of venom
 H - a +0 flail of crushing
 L - a cursed +3 great sword of freezing
 N - a +2 halberd of freezing
 W - a +1 quarterstaff of protection
Missiles
 e - 275 stones (quivered)
 i - 24 poisoned darts
 j - 6 javelins
 B - 18 bolts
 G - 50 sling bullets
 I - 161 arrows
Armour
 g - the +0 leather armour of the Engineer (worn) {MR+}
   (You found it on level 4 of the Dungeon)

   It affects your resistance to hostile enchantments.
 h - the +3 scale mail of Ytutykhu {Regen+ Int+3 Stlth+, unknown}
   (You found it on level 7 of the Dungeon)

   It affects your intelligence (+3).
   It increases your rate of regeneration.
   It makes you more stealthy.
 l - a +1 pair of boots (worn)
 p - a cursed +0 ring mail
 x - a +0 cloak (worn)
 C - a +2 animal skin
 J - a +3 chain mail
 T - a cursed +0 plate armour
Jewellery
 m - a ring of stealth (left hand)
 F - an amulet of the acrobat (around neck)
 U - an uncursed amulet of faith {unknown}
 X - a cursed ring of attention {unknown}
Wands
 o - a wand of paralysis (8)
 r - a wand of flame (31)
 t - a wand of iceblast (13)
 u - a wand of disintegration (8)
 K - a wand of digging (3)
 O - a wand of acid (7)
 R - a wand of polymorph (11)
Scrolls
 y - a scroll of fog
 Z - a scroll of magic mapping
Potions
 k - 2 potions of cancellation
 n - 3 potions of brilliance
 q - a potion of resistance
 v - 3 potions of agility
 z - a potion of flight
 E - 5 potions of curing
 Q - a potion of haste
Comestibles
 c - 10 rations


   Skills:
 * Level 8.1 Fighting
   Level 0.1 Short Blades
 * Level 9.8(10.1) Axes
 + Level 4.0(7.5) Maces & Flails
 * Level 7.7 Bows
 + Level 3.2 Throwing
 + Level 4.0 Armour
 * Level 7.5 Dodging
 * Level 7.0 Stealth
 - Level 0.1 Evocations


You had 11 spell levels left.
You didn't know any spells.
Your spell library was empty.

Dungeon Overview and Level Annotations

Branches:
Dungeon (11/15)            Temple (0/1) D:7            Lair (0/6) D:10
    Orc (2/2) D:9             Elf (0/3) Orc:2

Altars:
Cheibriados
Dithmenos
Elyvilon
Hepliaklqana
Okawaru
Ru
Sif Muna
Trog
Vehumet
Xom
The Shining One
Beogh

Shops:
Orc:2 (

Portals:
Trove: D:11 (give +5 demon whip)


Message History

The arrow misses you.
A centaur comes into view. x2
Found a ration.
Found two stone staircases leading down.
You see here 2 arrows.
You feel much better.
The centaur wields a +0 shortbow.
The centaur shoots an arrow.
The arrow completely misses you.
The centaur shoots an arrow.
The arrow closely misses you.
The centaur wields a +0 shortbow.
The centaur shoots an arrow.
The arrow hits you!
* * * LOW HITPOINT WARNING * * *
The centaur shoots an arrow.
The arrow barely misses you.
As you read the scroll of teleportation, it crumbles to dust.
You feel strangely unstable.
The centaur shoots an arrow.
The arrow barely misses you.
The centaur shoots an arrow.
The arrow misses you.
The centaur shoots an arrow.
The arrow closely misses you.
The centaur shoots an arrow.
The arrow hits you.
* * * LOW HITPOINT WARNING * * *
The centaur shoots an arrow.
The arrow hits you!
You die...

.# #.(.....# .#
#.......# .#
#.......##### .#
#......)....#
.##########.........$.#
..............(((.....#
......................#
##############(.......##
#....... #..@.......
+......o #..........
#W###+## #%....c.... #.#
#.c........ #.#
#..ccc..... #.#
...c>###### .# #.....#
.+ #.....# .# .....#


You could see 6 centaurs.

Vanquished Creatures
  A two-headed ogre (D:9)
  An orc sorcerer (D:9)
  A manticore (D:11)
  2 cyclopes
  The ghost of Luthien the Destroyer, a novice DECj of Vehumet (D:5)
  4 trolls
  Grinder (D:5)
  A hippogriff (D:10)
  Eustachio (D:4)
  Edmund (D:4)
  A warg (D:9)
  A water moccasin (D:7)
  A porcupine (D:10)
  2 ice beasts
  7 orc warriors
  3 sky beasts
  A boggart (D:10)
  3 phantoms
  3 black bears
  12 ogres
  12 centaurs
  5 bullfrogs
  A scorpion (D:9)
  10 killer bees
  A wyvern skeleton (D:8)
  13 wights
  4 howler monkeys
  10 crimson imps
  4 bullfrog zombies
  A quasit (D:8)
  2 centaur skeletons
  9 orc wizards
  2 bullfrog skeletons
  A jelly (D:6)
  7 orc priests
  5 hounds
  3 iguanas
  8 worker ants
  A killer bee zombie (D:5)
  A hound zombie (D:10)
  A hound skeleton (D:11)
  A worker ant zombie (D:11)
  A howler monkey skeleton (D:10)
  15 adders
  8 gnolls
  2 shadow imps
  2 adder skeletons
  2 worms
  4 dart slugs
  5 leopard geckos
  46 orcs
  3 giant cockroaches
  2 goblins
  4 hobgoblins (D:1)
  10 jackals
  5 quokkas
  A ball python (D:7)
  4 bats
  3 frilled lizards
  A jackal skeleton (D:6)
  4 kobolds
  A quokka zombie (D:5)
  5 rats
278 creatures vanquished.

Vanquished Creatures (collateral kills)
  Maurice (Orc:2)
1 creature vanquished.

Vanquished Creatures (others)
  A centaur (Orc:2)
1 creature vanquished.

Grand Total: 280 creatures vanquished

Notes
Turn   | Place    | Note
-------+----------+-------------------------------------------
     0 | D:1      | Raston the Human Berserker began the quest for the Orb.
     0 | D:1      | Reached XP level 1. HP: 18/18 MP: 1/1
   705 | D:1      | Reached XP level 2. HP: 24/24 MP: 2/2
  1080 | D:1      | Reached XP level 3. HP: 14/29 MP: 3/3
  1763 | D:2      | Found a snail-covered altar of Cheibriados.
  1768 | D:2      | Reached ** piety under Trog
  1824 | D:2      | Found a hazy altar of Hepliaklqana.
  1826 | D:2      | Found a glowing golden altar of the Shining One.
  1832 | D:2      | Found a shadowy altar of Dithmenos.
  1833 | D:2      | Found a sacrificial altar of Ru.
  1833 | D:2      | Found an iron altar of Okawaru.
  1834 | D:2      | Found a radiant altar of Vehumet.
  1837 | D:2      | Found a shimmering altar of Xom.
  2319 | D:3      | Reached skill level 1 in Stealth
  2319 | D:3      | Reached XP level 4. HP: 23/35 MP: 4/4
  2507 | D:3      | You fall into a shaft and drop 1 floor!
  2525 | D:4      | Noticed Edmund
  2602 | D:3      | Reached skill level 1 in Throwing
  3227 | D:3      | Reached skill level 4 in Axes
  3375 | D:4      | Reached XP level 5. HP: 17/41 MP: 5/5
  3658 | D:4      | Noticed Eustachio
  3718 | D:4      | Killed Edmund
  3718 | D:4      | Reached XP level 6. HP: 31/48 MP: 6/6
  3919 | D:4      | Killed Eustachio
  3919 | D:4      | Reached XP level 7. HP: 53/54 MP: 7/7
  3936 | D:4      | Reached skill level 5 in Axes
  4275 | D:4      | Found a white marble altar of Elyvilon.
  4278 | D:4      | Got a distressingly furry leather armour
  4289 | D:4      | Identified the cursed +0 leather armour of the Engineer
                  | {MR+} (You found it on level 4 of the Dungeon)
  4415 | D:4      | Reached XP level 8. HP: 60/61 MP: 8/8
  4553 | D:4      | Found a shimmering blue altar of Sif Muna.
  4826 | D:5      | Entered Level 5 of the Dungeon
  5053 | D:5      | Noticed Luthien's ghost (novice DECj)
  5059 | D:5      | Found a runed translucent door.
  5365 | D:5      | Noticed Grinder
  5605 | D:5      | Reached skill level 6 in Axes
  5646 | D:5      | Reached *** piety under Trog
  5819 | D:5      | Reached skill level 1 in Maces & Flails
  5893 | D:5      | Killed Grinder
  5893 | D:5      | Reached skill level 5 in Fighting
  5893 | D:5      | Reached skill level 5 in Dodging
  6008 | D:5      | Reached XP level 9. HP: 51/68 MP: 9/9
  6520 | D:5      | Killed Luthien's ghost
  6520 | D:5      | Reached skill level 1 in Bows
  7670 | D:6      | Reached skill level 7 in Axes
  7937 | D:6      | Found a bloodstained altar of Trog.
  8641 | D:6      | Reached **** piety under Trog
  8645 | D:6      | Reached skill level 5 in Stealth
  8645 | D:6      | Reached XP level 10. HP: 38/76 MP: 10/10
  9391 | D:7      | Found a staircase to the Ecumenical Temple.
  9887 | D:7      | Got a ruby-studded scale mail
 11024 | D:8      | Found a shimmering blue altar of Sif Muna.
 11450 | D:8      | Reached skill level 8 in Axes
 12166 | D:9      | Found a staircase to the Orcish Mines.
 12280 | D:9      | Noticed a two-headed ogre
 12317 | D:9      | Killed a two-headed ogre
 12317 | D:9      | Reached skill level 5 in Bows
 12958 | D:9      | Reached XP level 11. HP: 84/84 MP: 11/11
 13842 | Orc:1    | Entered Level 1 of the Orcish Mines
 13842 | Orc:1    | Noticed an orc sorcerer
 14135 | D:9      | Killed an orc sorcerer
 14135 | D:9      | Received a gift from Trog
 14807 | Orc:2    | Entered Level 2 of the Orcish Mines
 14811 | Orc:2    | Noticed a cyclops
 14814 | Orc:2    | Killed a cyclops
 14814 | Orc:2    | Reached skill level 9 in Axes
 15102 | Orc:2    | Found Jesuavag's Weapon Emporium.
 15110 | Orc:2    | Found a staircase to the Elven Halls.
 15140 | Orc:2    | Bought a +2 hand axe of freezing for 295 gold pieces
 15140 | Orc:2    | Bought a +3 dire flail of holy wrath for 411 gold pieces
 15140 | Orc:2    | Bought a +1 trident of venom for 190 gold pieces
 15194 | Orc:2    | Reached ***** piety under Trog
 15532 | Orc:2    | Found a roughly hewn altar of Beogh.
 15558 | Orc:2    | Noticed Maurice
 15590 | Orc:2    | Noticed a centaur warrior
 15602 | Orc:2    | Killed Maurice
 16208 | D:10     | Entered Level 10 of the Dungeon
 16768 | D:10     | Found a staircase to the Lair.
 17163 | D:10     | HP: 4/129 [porcupine's spines (15)]
 17168 | D:10     | HP: 1/86 [poisoned by a killer bee]
 17800 | D:10     | Received a gift from Trog
 18525 | D:11     | Noticed a cyclops
 18661 | D:11     | Killed a cyclops
 19049 | D:11     | Noticed a manticore
 19060 | D:11     | Killed a manticore
 19060 | D:11     | Reached XP level 12. HP: 76/92 MP: 12/12
 19474 | D:11     | Found a portal to a secret trove of treasure.
 19729 | D:11     | HP: 4/92 [centaur/arrow (3)]
 19731 | D:11     | Shot with an arrow by a centaur

Levels and vault maps discovered:
D:1:      lemuel_arrival_funnel, layout_basic
D:2:      layout_basic, minitemple, first_ration, cheibriados_altar_1
D:3:      layout_basic
D:4:      layout_cave_pools, marbit_many_paths, elyvilon_altar_1, uniq_edmund,
          uniq_eustachio
D:5:      minmay_chambers_of_fours, layout_basic,
          hellmonk_ghost_happy_afterlife, uniq_grinder
D:6:      layout_gridville, lemuel_doored_altar, hangedman_decor_opposing,
          minmay_between
D:7:      layout_loops_ring, minmay_temple_entry_trees,
          kennysheep_generic_room_2
D:8:      layout_loops_cross, basic_altar, serial_bayou_pond_d
D:9:      layout_grid_maze, orc_0_dummy
D:10:     layout_layer_cave, lair_entry_dummy
D:11:     kennysheep_ambush_hall, layout_irregular_city,
          nicolae_trove_entry_diagonal
Orc:1:    layout_caves, bh_open_orc_temple
Orc:2:    st_orc_rangers, layout_caves, serial_shops, shop, basic_altar,
          mines2_david, uniq_maurice

Skill      XL: |  1  2  3  4  5  6  7  8  9 10 11 12 |
---------------+-------------------------------------+-----
Stealth        | 1 2 4 5 6 7 |  7.0
Throwing       | 1 2 3 |  3.2
Axes           | 4 5 6 7 8 9 |  9.8
Fighting       | 4 5 6 7 8 |  8.1
Dodging        | 3 4 5 6 7 |  7.5
Maces & Flails | 2 3 4 |  4.0
Bows           | 2 5 7 |  7.7
Armour         | 3 4 |  4.0
Short Blades   | |  0.1
Evocations     | |  0.1

Action                   |  1- 3 |  4- 6 |  7- 9 | 10-12 || total
-------------------------+-------+-------+-------+-------++-------
Melee: Hand axe          |    66 |    79 |   242 |    14 ||   401
       Dagger            |       |     1 |       |       ||     1
       Flail             |       |       |    97 |    49 ||   146
       War axe           |       |       |    24 |   260 ||   284
       Dire flail        |       |       |       |    33 ||    33
 Fire: Longbow           |       |       |    37 |   228 ||   265
       Shortbow          |       |       |       |     4 ||     4
Throw: Dart              |    34 |    23 |    20 |    12 ||    89
       Stone             |    16 |    10 |    19 |       ||    45
Invok: Berserk           |       |     1 |     3 |     2 ||     6
Evoke: Wand              |       |     3 |     2 |     9 ||    14
  Use: Scroll            |     8 |     8 |     4 |    20 ||    40
       Potion            |     2 |       |     1 |     6 ||     9
 Stab: Sleeping          |     2 |     1 |     7 |     3 ||    13
       Distracted        |       |       |     1 |       ||     1
  Eat: Chunk             |     4 |     6 |    10 |    13 ||    33
       Ration            |       |       |     2 |     7 ||     9
Armor: Animal skin       |    19 |    20 |     9 |       ||    48
       Leather armour    |       |       |   101 |    63 ||   164
       Skin              |       |       |       |     3 ||     3
Dodge: Dodged            |    61 |    66 |   319 |   421 ||   867
